 Dungeon Crawl Stone Soup version 0.26-a0-20-g5f92b90fa0 (webtiles) character file.

Game seed: 7989642973731254881, levelgen mode: deterministic

3314 Arthanis the Cleaver (level 10, -3/64 HPs)
             Began as a Gargoyle Berserker on May 25, 2020.
             Was an Elder of Trog.
             Slain by Gastronok (20 damage)
             ... on level 7 of the Dungeon.
             The game lasted 00:10:16 (7700 turns).

Arthanis the Cleaver (Gargoyle Berserker)           Turns: 7700, Time: 00:10:16

Health: -3/64      AC: 25    Str: 22    XL:     10   Next: 1%
Magic:  12/12      EV: 11    Int: 10    God:    Trog [****..]
Gold:   406        SH:  0    Dex:  9    Spells: 9/9 levels left

rFire    + . .     SeeInvis .   L - +2 war axe (curse)
rCold    + . .     Gourm    .   (no shield)
rNeg     + . .     Faith    .   t - +0 plate armour
rPois    ∞         Spirit   .   (no helmet)
rElec    +         Reflect  .   C - scarf {rC+ rF+}
rCorr    .         Harm     .   (no gloves)
MR       ++...                  J - +0 pair of boots
Stlth    ..........             (no amulet)
HPRegen  1.20/turn              y - +4 ring of protection (curse)
MPRegen  0.13/turn              H - +4 ring of evasion

@: berserk cooldown, regenerating, slowed, very slow
A: negative energy resistance 1, electricity resistance, unbreathing,
petrification resistance, rot immunity, AC +7
a: Berserk, Trog's Hand, Brothers in Arms, Renounce Religion


You were on level 7 of the Dungeon.
You worshipped Trog.
Trog was greatly pleased with you.
You were near starving.

You visited 1 branch of the dungeon, and saw 8 of its levels.

You collected 406 gold pieces.

Inventory:

Hand Weapons
 a - a +1 dagger of venom
 b - a +0 hand axe
 u - a +1 scythe of venom
 z - a +0 war axe
 L - a cursed +2 war axe (weapon)
Armour
 t - a +0 plate armour (worn)
 w - a +0 chain mail
 C - a scarf of resistance (worn)
 J - a +0 pair of boots (worn)
Jewellery
 g - an uncursed ring of protection from magic
 y - a cursed +4 ring of protection (left hand)
 H - a +4 ring of evasion (right hand)
Wands
 j - a wand of clouds (4)
 v - a wand of polymorph (9)
 x - a wand of flame (12)
 A - a wand of enslavement (8)
 I - a wand of iceblast (9)
Scrolls
 d - 8 scrolls of identify {unknown}
 f - 3 scrolls of amnesia {unknown}
 i - 6 scrolls of remove curse {unknown}
 m - a scroll of fog {unknown}
 o - a scroll of fear {unknown}
 p - 4 scrolls of teleportation {unknown}
 q - a scroll of immolation {unknown}
 r - 3 scrolls of enchant weapon {unknown}
 F - 2 scrolls of noise {unknown}
 K - a scroll of enchant armour {unknown}
Potions
 e - 3 potions of lignification {unknown}
 h - a potion of invisibility {unknown}
 k - a potion of resistance {unknown}
 l - a potion of heal wounds
 n - a potion of mutation {unknown}
 s - 2 potions of stabbing {unknown}
 B - 2 potions of curing {unknown}
 D - 4 potions of degeneration {unknown}
 E - a potion of haste {unknown}
 G - a potion of magic {unknown}
Comestibles
 c - 10 rations
 M - 2 chunks of flesh


   Skills:
 + Level 8.1 Fighting
 * Level 9.3 Axes
 + Level 6.6 Armour
 - Level 2.0 Dodging
 + Level 3.3 Evocations


You had 9 spell levels left.
You didn't know any spells.
Your spell library contained the following spells:

 Spells                   Type           Power        Failure   Level  Hunger
 Animate Skeleton         Necr           N/A          100%        1    ##.....
 Apportation              Tloc           #.....       100%        1    ##.....
 Corona                   Hex            #......      100%        1    ##.....
 Infusion                 Chrm           #...         100%        1    ##.....
 Summon Small Mammal      Summ           #...         100%        1    ##.....
 Shroud of Golubria       Chrm/Tloc      #.....       100%        2    ###....
 Song of Slaying          Chrm           #.......     100%        2    ###....
 Ozocubu's Armour         Chrm/Ice       #.......     100%        3    ####...
 Spectral Weapon          Hex/Chrm       #.......     100%        3    ####...


Dungeon Overview and Level Annotations

Branches:
Dungeon (8/15)             Temple (0/1) D:6
   Lair: D:8-11

Altars:
Fedhas
Nemelex Xobeh
Sif Muna
Yredelemnul
Zin

Shops:
D:5 [

Portals:
Abyss: D:3

Annotations:
D:3 2 transporters, Flugkiller's ghost, amateur DDMo
D:7 Gastronok


Innate Abilities, Weirdness & Mutations

You are resistant to torment.
Your stone body is resilient. (AC +7)
You are immune to poison.
You resist negative energy. (rN+)
You are resistant to electric shocks. (rElec)
You can survive without breathing.
You are immune to petrification.
You are immune to rotting.


Message History

You completely miss Gastronok.
Gastronok is severely wounded.
Gastronok bites you!
* * * LOW HITPOINT WARNING * * *
You hit Gastronok but do no damage.
Gastronok is severely wounded.
You hit Gastronok.
Gastronok is severely wounded.
Gastronok mumbles some strange words.
Gastronok puts on a burst of speed!
You hit Gastronok.
Gastronok is severely wounded.
Gastronok bites you.
* * * LOW HITPOINT WARNING * * *
You slash Gastronok!
Gastronok is severely wounded.
You hit Gastronok but do no damage.
Gastronok is severely wounded.
Gastronok bites you!!
You die...

############# ##..........(#
###########w..########.# #
####.........@.#..# #.#
####.....########....#######.##
.#.....#.# ##.#.)........#
.........# #.#.[....##..##
........## #.............##
.#.#....# #.....<.[##.....
#..##.#.# #........##.#.##
##.##.#.# #####...........#.##
#..##.#.######...................


You could see Gastronok (swift).

Vanquished Creatures
  Prince Ribbit (D:7)
  A hippogriff (D:8)
  Sigmund (D:2)
  Menkaure (D:5)
  Duvessa (D:5)
  An orc warrior (D:7)
  2 ice beasts
  A phantom (D:6)
  A black bear (D:6)
  3 centaurs
  2 bullfrogs
  Dowan (D:5)
  4 scorpions
  4 wights (D:8)
  5 crimson imps
  A bullfrog skeleton (D:8)
  5 hounds
  2 jellies (D:6)
  Crazy Yiuf (D:3)
  3 orc priests
  7 orc wizards
  Natasha (thrice) (D:3)
  Terence (D:3)
  2 iguanas (D:5)
  4 worker ants
  A hound skeleton (D:5)
  A hound zombie (D:5)
  A howler monkey zombie (D:7)
  A howler monkey skeleton (D:6)
  5 gnolls
  12 adders
  3 shadow imps
  3 adder skeletons
  3 worms
  2 dart slugs (D:1)
  4 leopard geckos
  26 orcs
  2 giant cockroaches (D:6)
  7 goblins
  3 hobgoblins
  7 jackals
  A quokka (D:3)
  A ball python (D:3)
  6 bats
  5 frilled lizards
  A jackal skeleton (D:5)
  5 kobolds
  A quokka zombie (D:4)
  6 rats
165 creatures vanquished.

Notes
Turn   | Place    | Note
-------+----------+-------------------------------------------
     0 | D:1      | Arthanis the Gargoyle Berserker began the quest for the
                  | Orb.
     0 | D:1      | Reached XP level 1. HP: 14/14 MP: 1/1
   360 | D:1      | Reached XP level 2. HP: 16/19 MP: 2/2
   418 | D:1      | Reached skill level 3 in Axes
   711 | D:1      | Reached XP level 3. HP: 20/23 MP: 3/3
  1459 | D:2      | Reached XP level 4. HP: 27/29 MP: 4/4
  1965 | D:2      | Reached ** piety under Trog
  2133 | D:2      | Found a basalt altar of Yredelemnul.
  2395 | D:2      | Noticed Sigmund
  2402 | D:2      | Killed Sigmund
  2402 | D:2      | Reached skill level 4 in Axes
  2402 | D:2      | Reached XP level 5. HP: 34/34 MP: 5/5
  2402 | D:2      | Reached XP level 6. HP: 39/39 MP: 6/6
  2505 | D:3      | Found a transporter.
  2692 | D:3      | Found a shimmering blue altar of Sif Muna.
  2714 | D:3      | Found a runed translucent door.
  2715 | D:3      | Noticed Crazy Yiuf
  2857 | D:3      | Killed Crazy Yiuf
  3006 | D:3      | Found a transporter.
  3022 | D:3      | Noticed Flugkiller's ghost (amateur DDMo)
  3023 | D:3      | Noticed a small abomination
  3023 | D:3      | Noticed a toenail golem
  3129 | D:3      | Noticed Terence
  3136 | D:3      | Killed Terence
  3136 | D:3      | Reached skill level 5 in Axes
  3240 | D:3      | Noticed Natasha
  3250 | D:3      | Killed Natasha
  3627 | D:3      | Found a one-way gate to the infinite horrors of the Abyss.
  3819 | D:3      | Noticed Natasha
  3824 | D:3      | Killed Natasha
  3824 | D:3      | Reached skill level 5 in Fighting
  3824 | D:3      | Reached XP level 7. HP: 40/44 MP: 7/7
  3911 | D:3      | Noticed Natasha
  3923 | D:3      | Killed Natasha
  4200 | D:4      | Found a sparkling altar of Nemelex Xobeh.
  4661 | D:5      | Entered Level 5 of the Dungeon
  4692 | D:5      | Noticed Menkaure
  4704 | D:5      | Killed Menkaure
  4704 | D:5      | Reached skill level 6 in Axes
  4704 | D:5      | Reached skill level 5 in Armour
  4866 | D:5      | Reached *** piety under Trog
  4866 | D:5      | Reached XP level 8. HP: 50/51 MP: 8/8
  4947 | D:5      | Found Fitukifi's Antique Armour Emporium.
  4972 | D:5      | Noticed Dowan
  4972 | D:5      | Noticed Duvessa
  4988 | D:5      | Killed Duvessa
  5024 | D:5      | Killed Dowan
  5180 | D:5      | Found a blossoming altar of Fedhas.
  5814 | D:6      | Reached skill level 7 in Axes
  6073 | D:6      | Reached XP level 9. HP: 43/56 MP: 9/9
  6081 | D:6      | Reached **** piety under Trog
  6175 | D:6      | Reached skill level 8 in Axes
  6194 | D:6      | Reached skill level 1 in Evocations
  6452 | D:6      | Found a glowing silver altar of Zin.
  6460 | D:6      | Found a staircase to the Ecumenical Temple.
  6504 | D:6      | Found a sparkling altar of Nemelex Xobeh.
  7134 | D:7      | Noticed Prince Ribbit
  7153 | D:7      | Killed Prince Ribbit
  7153 | D:7      | Reached skill level 9 in Axes
  7615 | D:8      | Noticed Gastronok
  7657 | D:8      | Reached XP level 10. HP: 59/64 MP: 12/12
  7700 | D:7      | Slain by Gastronok

Illustrated notes

Levels and vault maps discovered:
D:1:      dpeg_arrival_snail, layout_basic
D:2:      layout_basic, yredelemnul_altar_generic, serial_bayou_lagoon_b,
          uniq_sigmund
D:3:      layout_basic, nicolae_overflow_hidden_temple,
          gammafunk_ghost_abyssal_escape, uniq_terence, uniq_natasha,
          uniq_crazy_yiuf_cottage
D:4:      layout_rooms, first_ration, kennysheep_small_spiral,
          nemelex_spade_bored_becter
D:5:      layout_basic, fedhas_bush_and_centaur_altar, serial_shops,
          nicolae_shop_stone, eino_tiny_chamber, uniq_menkaure, uniq_duvessa
D:6:      layout_rooms, minmay_temple_entry_mist, basic_altar,
          nemelex_diamond_rough_becter
D:7:      layout_loops_ring, uniq_prince_ribbit1
D:8:      layout_loops_cross, blue_anna_alchemist [blue_anna_fruit_fields,
          blue_anna_fruit_fields], st_stairs_9, uniq_gastronok, uniq_maggie,
          uniq_pikel, uniq_maurice

Skill      XL: |  1  2  3  4  5  6  7  8  9 |
---------------+----------------------------+-----
Axes           | 3 4 5 6 7 9 |  9.3
Dodging        | 2 |  2.0
Armour         | 3 4 5 6 |  6.6
Fighting       | 4 5 6 8 |  8.1
Evocations     | 3 |  3.3

Action                   |  1- 3 |  4- 6 |  7- 9 | 10-12 || total
-------------------------+-------+-------+-------+-------++-------
Melee: Hand axe          |    99 |    25 |    98 |       ||   222
       Dagger            |       |   146 |   498 |       ||   644
       War axe           |       |       |    21 |    23 ||    44
Invok: Berserk           |     1 |     5 |     8 |     1 ||    15
       Trog's Hand       |       |       |     1 |     1 ||     2
  Use: Potion            |       |       |       |     1 ||     1
  Eat: Chunk             |     2 |    13 |    16 |     2 ||    33
       Ration            |       |       |     1 |       ||     1
Armor: Animal skin       |    34 |    32 |       |       ||    66
       Chain mail        |       |    17 |   297 |       ||   314
       Scale mail        |       |    13 |       |       ||    13
       Plate armour      |       |       |   133 |     6 ||   139
Dodge: Dodged            |    66 |    96 |   309 |     1 ||   472

Table legend:
 A = Non-vault XP
 B = Vault XP
 C = Vault XP percentage of total XP
 D = Non-vault monster count
 E = Vault monster count
 F = Vault count percentage of total count
                 A         B        C        D         E       F
            +---------+---------+-------+---------+---------+-------
      Total |    3594 |    1141 |  24.1 |     156 |       9 |   5.5
            +---------+---------+-------+---------+---------+-------
        D:1 |      36 |       0 |   0.0 |      11 |       0 |   0.0
        D:2 |     105 |     212 |  66.9 |      25 |       1 |   3.8
        D:3 |     222 |     113 |  33.7 |      26 |       3 |  10.3
        D:4 |     234 |       0 |   0.0 |      11 |       0 |   0.0
        D:5 |     314 |     516 |  62.2 |      17 |       4 |  19.0
        D:6 |    1226 |       0 |   0.0 |      36 |       0 |   0.0
        D:7 |     839 |     300 |  26.3 |      19 |       1 |   5.0
        D:8 |     618 |       0 |   0.0 |      11 |       0 |   0.0
            +---------+---------+-------+---------+---------+-------
